Map: Arctic Dream LE

Players

kroker

  • Race: Terran Terran
  • League: Diamond
  • Spawn Location: 12:00

Cylon

  • Race: Zerg Zerg
  • League: Diamond
  • Spawn Location: 11:00

qqq - Winner!

  • Race: Zerg Zerg
  • League: Platinum
  • Spawn Location: 6:00

Massa - Winner!

  • Race: Terran Terran
  • League: Platinum
  • Spawn Location: 5:00

VOD

Have the link to the VOD?

Description

Time

  • Played on: Jan. 25, 2021, 12:38 p.m.
  • Length: 13:17
Show
View Real Time Build Order
Export as new Build Order

kroker Terran 

Build Orders: 2 Factory, Command Center First (CC), Mech 

Get SALT Encoding   

  12  0:00  SCV  
  13  0:12  SCV  
  14  0:24  SCV  
  15  0:31  Supply Depot  
  15  0:52  SCV  
  16  1:03  Command Center  
  16  1:05  SCV  
  17  1:14  Barracks  
  17  1:17  SCV  
  18  1:22  Refinery  
  18  1:31  SCV  
  19  1:37  Refinery  
  19  1:48  SCV  
  20  2:02  Marine  
  20  2:04  Orbital Command  
  21  2:14  Factory  
  21  2:18  Orbital Command  
  21  2:23  Marine  
  22  2:34  SCV  
  23  2:43  Factory  
  23  2:44  SCV  
  23  2:46  SCV  
  23  2:49  Marine  
  26  2:58  Factory Tech Lab  
  26  3:03  SCV x2  
  28  3:10  Barracks Reactor  
  28  3:15  SCV x2  
  28  3:16  Factory  
  30  3:26  Siege Tank  
  33  3:27  SCV x2  
  33  3:32  Factory Tech Lab  
  35  3:39  SCV x2  
  37  3:42  Supply Depot  
  37  3:46  Supply Depot  
  37  3:55  Command Center  
  37  3:56  SCV  
  38  4:04  SCV  
  39  4:10  Siege Tank  
  39  4:16  SCV  
  43  4:22  SCV  
  44  4:25  Refinery x2  
  44  4:28  SCV  
  44  4:30  Siege Tank  
  50  4:31  Widow Mine x2  
  52  4:39  SCV  
  52  4:40  SCV  
  54  5:06  SCV  
  54  5:07  SCV, Siege Tank  
  47  5:24  SCV x2  
  47  5:26  Orbital Command  
  47  5:28  Supply Depot, Siege Tank  
  51  5:29  Widow Mine x2  
  51  5:35  Supply Depot  
  55  5:37  SCV x2  
  60  5:50  Siege Tank  
  60  5:51  Widow Mine x2  
  64  5:57  SCV x2  
  64  5:58  SCV  
  67  6:05  Siege Tank  
  67  6:09  SCV  
  71  6:12  Widow Mine x2  
  71  6:17  Factory x2  
  75  6:21  Supply Depot  
  75  6:22  Supply Depot x2, Siege Tank  
  75  6:23  Supply Depot  
  75  6:25  Supply Depot  
  78  6:27  Orbital Command  
  78  6:38  SCV x2  
  80  6:42  Refinery, Widow Mine, Siege Tank  
  80  6:43  Refinery, Widow Mine  
  87  6:50  SCV x2  
  89  7:01  SCV  
  89  7:02  SCV x2  
  89  7:05  Factory Tech Lab  
  89  7:06  Factory Reactor  
  92  7:10  Siege Tank  
  92  7:11  Widow Mine x2  
  92  7:13  SCV  
  92  7:14  Siege Tank  
  103  7:19  Armory x2  
  103  7:22  SCV x2  
  105  7:23  Engineering Bay  
  105  7:25  SCV  
  106  7:32  Siege Tank  
  106  7:34  Widow Mine x2  
  113  7:38  Supply Depot x2  
  113  7:39  Supply Depot x2  
  113  7:41  Supply Depot  
  113  7:47  Siege Tank  
  113  7:48  Siege Tank  
  113  7:49  Widow Mine x2  
  123  7:55  Widow Mine  
  125  8:00  Widow Mine  
  125  8:05  Widow Mine  
  129  8:10  Widow Mine  
  128  8:21  Thor x2  
  128  8:25  Thor, Missile Turret  
  136  8:29  Missile Turret  
  136  8:31  Missile Turret x3  
  136  8:33  Missile Turret  
  134  8:34  Missile Turret  
  134  8:36  Widow Mine x2  
  124  8:49  Terran Vehicle Weapons Level 1  
  124  8:50  SCV  
  119  9:08  SCV x2  
  115  9:19  SCV  
  115  9:20  SCV  
  115  9:21  SCV  
  118  9:29  Terran Vehicle And Ship Armor Level 1  
  118  9:31  SCV  
  118  9:32  SCV  
  118  9:33  SCV  
  112  9:46  Thor x2  
  112  9:48  Widow Mine  
  126  10:10  SCV x3  
  129  10:22  SCV x3  
  132  10:32  Thor x3  
  132  10:34  Widow Mine x2, SCV x3  
  155  10:46  SCV x2  
  136  11:17  Thor x2  
  134  11:23  Widow Mine x3  
  134  11:24  Widow Mine, SCV x3  
  134  11:31  Hellion  
  130  11:36  SCV x3  
  123  11:44  Hellion  
  110  11:57  Thor  
  110  11:58  Widow Mine x2  
  80  12:21  Widow Mine x4  
  80  12:22  Widow Mine x2  
  60  12:36  SCV x2  
  60  12:37  SCV  
  63  12:48  SCV  
  63  12:49  SCV x2  
  66  13:00  SCV  
  66  13:01  SCV x2  
Show
View Real Time Build Order
Export as new Build Order

Cylon Zerg 

Build Orders: Hatch First 

Get SALT Encoding   

  12  0:03  Drone  
  13  0:14  Overlord  
  13  0:21  Overlord  
  13  0:25  Drone  
  14  0:33  Drone  
  15  0:40  Drone  
  16  0:48  Drone  
  17  1:03  Drone, Hatchery  
  17  1:10  Drone  
  18  1:18  Extractor  
  18  1:19  Overlord  
  17  1:32  Spawning Pool  
  16  1:33  Drone  
  17  1:43  Drone  
  18  1:57  Drone  
  19  2:02  Drone  
  20  2:15  Drone x2  
  22  2:20  Queen  
  22  2:21  Queen  
  26  2:26  Metabolic Boost  
  26  2:28  Zergling x2  
  27  2:33  Zergling x2  
  28  2:38  Zergling x4  
  30  2:46  Evolution Chamber  
  30  2:47  Zergling x2  
  30  2:50  Zergling x2  
  31  2:55  Zergling x2  
  31  3:03  Zergling x2  
  32  3:15  Spine Crawler  
  32  3:19  Zerg Melee Weapons Level 1  
  33  3:20  Zergling x8  
  35  3:36  Zergling x10  
  40  3:41  Overlord  
  40  3:46  Zergling x2  
  40  3:47  Zergling x2  
  42  3:50  Zergling x2  
  42  3:53  Zergling x2  
  44  4:03  Zergling x6  
  44  4:06  Zergling x2  
  48  4:10  Zergling x2  
  38  4:21  Queen  
  35  4:42  Spine Crawler  
  26  4:46  Spine Crawler, Queen  
  16  4:59  Spine Crawler  
  1  5:43  Drone x2  
Show
View Real Time Build Order
Export as new Build Order

qqq Zerg - Winner!

Build Orders: Hatch First 

Get SALT Encoding   

  12  0:00  Drone  
  13  0:08  Drone  
  14  0:20  Overlord  
  14  0:46  Hatchery, Drone  
  14  0:50  Drone  
  15  0:58  Drone  
  15  0:59  Drone  
  17  1:19  Extractor, Spawning Pool  
  15  1:30  Drone x2  
  15  1:31  Drone  
  18  1:42  Drone  
  19  2:00  Drone  
  20  2:02  Drone  
  20  2:06  Queen x2  
  25  2:12  Overlord  
  25  2:13  Drone  
  26  2:24  Zergling x2  
  26  2:25  Drone  
  26  2:26  Metabolic Boost  
  27  2:31  Zergling x2  
  27  2:32  Drone  
  29  2:39  Zergling x2  
  30  2:58  Zergling x4  
  32  2:59  Zergling x4  
  32  3:01  Lair  
  32  3:04  Zergling x2  
  35  3:14  Zergling x2  
  35  3:19  Hatchery  
  35  3:20  Overlord  
  35  3:25  Overlord  
  35  3:30  Zergling x2  
  36  3:39  Drone  
  36  3:40  Overlord  
  38  3:41  Zergling x2  
  38  3:43  Zergling x4  
  40  3:51  Drone  
  40  3:53  Drone  
  40  3:54  Zergling x4  
  44  3:57  Zergling x2  
  44  3:59  Zergling x2  
  44  4:02  Zergling x2  
  47  4:06  Zergling x2  
  48  4:10  Zergling x2  
  48  4:11  Zergling x2  
  50  4:21  Zergling x8  
  50  4:22  Drone  
  54  4:43  Zergling x4  
  54  4:44  Drone x2, Zergling x2, Spire  
  55  4:55  Spore Crawler  
  55  4:56  Zergling x2  
  55  4:57  Drone x2, Zergling x2  
  51  5:13  Zergling x4  
  39  5:14  Zergling x8  
  43  5:22  Extractor  
  43  5:23  Drone  
  38  5:45  Zergling x2  
  38  5:46  Drone, Zergling x2  
  38  5:47  Drone x5  
  46  5:52  Extractor, Queen  
  46  5:57  Drone x3  
  49  5:58  Drone  
  49  6:00  Drone  
  52  6:07  Drone  
  52  6:10  Drone, Zerg Flyer Weapons Level 1  
  52  6:11  Drone  
  55  6:12  Hatchery, Drone  
  55  6:17  Mutalisk  
  57  6:20  Mutalisk  
  57  6:23  Drone  
  57  6:24  Drone  
  62  6:25  Drone  
  62  6:29  Mutalisk  
  64  6:32  Overlord  
  64  6:36  Drone  
  64  6:37  Drone  
  66  6:40  Extractor  
  66  6:44  Drone  
  66  6:47  Overlord  
  66  6:51  Mutalisk x2, Overlord  
  66  6:54  Drone x2  
  72  6:59  Drone x2  
  74  7:06  Mutalisk  
  76  7:13  Drone x2  
  76  7:14  Drone x3, Mutalisk  
  83  7:16  Overlord x2  
  83  7:18  Drone x2  
  85  7:24  Mutalisk  
  85  7:28  Drone x4  
  91  7:39  Drone x2  
  91  7:40  Mutalisk  
  91  7:43  Mutalisk  
  97  7:46  Extractor  
  97  7:49  Zergling x4  
  97  7:50  Overlord x4  
  97  7:51  Extractor, Drone x2  
  85  8:36  Mutalisk x5  
  85  8:39  Drone x6  
  93  9:25  Drone x3  
  93  9:26  Drone x3, Infestation Pit  
  98  9:35  Extractor  
  98  9:37  Extractor  
  96  9:39  Drone  
  96  9:40  Drone  
  96  9:45  Hatchery  
  97  9:48  Zerg Flyer Armor Level 1  
  97  9:49  Hatchery  
  96  9:53  Spire  
  96  9:54  Mutalisk x5  
  96  9:55  Mutalisk  
  96  9:59  Overseer  
  107  10:01  Drone x4  
  111  10:10  Pneumatized Carapace  
  111  10:12  Overseer  
  111  10:14  Drone  
  111  10:16  Zergling x2  
  111  10:17  Zergling x4  
  111  10:18  Overlord x2  
  115  10:26  Hatchery  
  114  10:28  Hatchery  
  114  10:31  Hatchery  
  109  10:50  Mutalisk x2  
  109  10:51  Mutalisk x4  
  109  10:52  Mutalisk x2  
  125  10:59  Zergling x8  
  125  11:13  Mutalisk x4  
  125  11:15  Drone x7  
  125  11:17  Hive  
  140  11:20  Drone  
  140  11:23  Drone  
  141  11:29  Spine Crawler  
  141  11:30  Spine Crawler  
  141  11:31  Spine Crawler  
  141  11:32  Spine Crawler  
  135  11:34  Spine Crawler  
  135  11:35  Spore Crawler  
  116  11:58  Corruptor  
  116  11:59  Corruptor x5  
  126  12:20  Zergling x14  
  126  12:21  Zergling x4  
  135  12:26  Hydralisk Den  
  134  12:30  Drone x3  
  134  12:31  Drone, Viper x3  
  134  12:32  Viper  
  150  12:47  Drone x4  
  154  12:58  Extractor  
  154  13:00  Extractor  
  152  13:07  Extractor  
  152  13:08  Extractor  
  152  13:09  Spine Crawler x2, Spore Crawler  
Show
View Real Time Build Order
Export as new Build Order

Massa Terran - Winner!

Build Orders: 2 Factory, Hellion Opening 

Get SALT Encoding   

  12  0:00  SCV  
  13  0:12  SCV  
  14  0:18  Supply Depot  
  14  0:25  SCV  
  15  0:39  SCV  
  15  0:40  Barracks  
  16  0:47  Refinery  
  16  0:51  SCV  
  17  1:00  Refinery  
  17  1:04  SCV  
  18  1:16  SCV  
  19  1:28  SCV  
  19  1:30  Marine  
  21  1:40  SCV  
  22  1:47  Factory  
  22  1:53  Supply Depot  
  22  1:54  Orbital Command  
  22  2:16  Barracks Tech Lab, Factory  
  22  2:20  SCV  
  23  2:32  SCV  
  24  2:40  Barracks Reactor  
  24  2:43  Hellion  
  26  2:44  Infernal Pre-Igniter  
  26  2:48  SCV  
  27  3:00  Hellion  
  27  3:03  Supply Depot  
  29  3:06  Hellion  
  33  3:27  Hellion  
  33  3:28  Hellion x2  
  37  3:35  Barracks Tech Lab  
  39  3:48  Hellion  
  39  3:53  Supply Depot  
  39  3:56  Supply Depot  
  39  4:14  Command Center  
  39  4:15  Hellion x2  
  43  4:26  Hellion  
  45  4:36  Hellion x2  
  49  4:54  Marauder  
  47  5:16  Marauder  
  47  5:18  Engineering Bay  
  47  5:19  SCV  
  47  5:20  Armory  
  50  5:31  SCV  
  51  5:41  Orbital Command  
  51  5:44  SCV  
  55  5:52  Cyclone, Barracks  
  55  5:53  Widow Mine x2  
  55  5:55  Barracks  
  55  5:56  SCV  
  58  6:08  SCV  
  55  6:22  SCV  
  55  6:23  SCV  
  57  6:27  Siege Tank  
  57  6:28  Widow Mine x2  
  64  6:35  SCV x2  
  66  6:47  SCV x2  
  63  6:52  Widow Mine x2  
  68  6:59  SCV  
  69  7:08  Starport  
  69  7:10  Supply Depot  
  69  7:11  Missile Turret, Supply Depot  
  69  7:19  Missile Turret  
  69  7:20  Hellion x5  
  69  7:23  Barracks Reactor  
  69  7:24  Missile Turret  
  69  7:31  Siege Tank  
  69  7:35  Supply Depot  
  69  7:36  Barracks Tech Lab, Supply Depot  
  72  7:47  Widow Mine x2  
  72  7:48  Drilling Claws  
  76  7:58  Supply Depot  
  76  8:00  Terran Infantry Weapons Level 1  
  76  8:01  SCV, Terran Vehicle Weapons Level 1  
  76  8:02  SCV  
  76  8:03  Siege Tank  
  81  8:08  Widow Mine x2  
  85  8:14  SCV x2  
  85  8:17  Command Center  
  83  8:26  SCV  
  74  8:30  Marauder x2, Marine  
  79  8:34  Stimpack  
  79  8:38  SCV x2  
  81  8:43  Starport Reactor  
  81  8:45  Refinery  
  81  8:48  Refinery  
  81  8:51  Marauder x2  
  81  9:13  Marauder  
  83  9:17  Marine  
  83  9:18  Marauder, Marine  
  83  9:20  Siege Tank  
  83  9:21  Widow Mine x2  
  91  9:34  Marauder  
  91  9:35  Marine x2  
  91  9:39  Marauder  
  91  9:43  Widow Mine x2  
  89  9:48  Smart Servos  
  89  9:53  Marine, Siege Tank  
  89  9:54  Terran Infantry Armor Level 1  
  89  9:58  Orbital Command  
  93  10:00  SCV x2  
  93  10:04  Barracks  
  93  10:05  Barracks  
  95  10:08  Barracks x2  
  95  10:12  SCV x2  
  97  10:15  Marauder  
  97  10:16  Marauder, Marine x2  
  97  10:17  Combat Shield  
  103  10:23  Medivac x2  
  107  10:31  Refinery  
  107  10:33  Refinery  
  107  10:34  Marine x2  
  107  10:37  Marauder x2  
  111  10:51  Marine  
  111  10:52  Marine  
  113  10:58  Marauder x2  
  117  11:11  Siege Tank  
  117  11:12  Widow Mine x2  
  122  11:19  Marauder  
  122  11:20  Marauder  
  106  11:33  Widow Mine  
  106  11:36  Barracks Reactor, Barracks Tech Lab x2  
  106  11:37  Barracks Tech Lab  
  106  11:38  Marine x2  
  110  11:41  Marauder x2  
  110  11:43  Siege Tank  
  117  11:56  Marine x2  
  118  12:02  Marauder x2  
  118  12:06  Marauder  
  118  12:07  Marauder  
  118  12:08  Marauder  
  125  12:14  Marine x2  
  102  12:24  Marauder x2  
  102  12:28  Marauder  
  102  12:29  Marauder, Concussive Shells  
  110  12:36  Marauder  
  110  12:37  Marine x2  
  114  12:45  Marauder x2  
  114  12:49  Marauder  
  114  12:50  Command Center  
  114  12:51  Marauder  
  124  13:05  Command Center  
Tags
 
Add a new tag
Caveats
  • Supply blocks, unpowered buildings, or Contaminate may cause inaccurate times.
  • Supply counts are checked every 10 seconds.